 Dungeon Crawl Stone Soup version 0.29-a0-330-g52719c12eb (webtiles) character file.

Game seed: 17853799532030660867

688 Aelig the Magician (level 7, -2/70 HPs)
             Began as a Djinni Transmuter on May 8, 2022.
             Slain by a wyvern (4 damage)
             ... on level 6 of the Dungeon.
             The game lasted 00:14:36 (6636 turns).

Aelig the Magician (Djinni Transmuter)              Turns: 6636, Time: 00:14:36

Health: -2/70      AC:  2    Str:  9    XL:     7   Next: 94%
Gold:   405        EV: 19    Int: 16    God:
                   SH:  0    Dex: 19

rFire   . . .      SeeInvis .     - Unarmed
rCold   + . .      Faith    .   (shield currently unavailable)
rNeg    . . .      Spirit   .   (body armour currently unavailable)
rPois   ∞          Reflect  .   (helmet currently unavailable)
rElec   .          Harm     .   (cloak currently unavailable)
rCorr   +          Rampage  .   (gloves currently unavailable)
Will    .....                   (boots unavailable)
Stlth   ..........              (no amulet)
HPRegen 0.21/turn               s - ring of protection from cold
MPRegen 0.00/turn               v - ring of resist corrosion

@: berserking, spider-form, flying, very quick
A: venomous fangs, flying, sickness immunity, tiny, (fire resistance 2), (cold
vulnerability 1), float, innate caster, HP casting, extra vitality 1
a: End Transformation


You were on level 6 of the Dungeon.
You were a venomous arachnid creature.
You visited 1 branch of the dungeon, and saw 6 of its levels.

You collected 405 gold pieces.

Inventory:

Missiles
 g - 189 stones (quivered)
 w - 2 javelins
Armour
 q - the +3 leather armour of Imperfection (melded) {+Inv rF- Int+7 Dex-2 Stlth+}
   (You found it on level 2 of the Dungeon)

   Int:       It affects your intelligence (+7).
   Dex:       It affects your dexterity (-2).
   rF:        It makes you vulnerable to fire.
   +Inv:      It lets you turn invisible.
   Stlth:     It makes you more stealthy.
 r - the +2 pair of gloves "Tett" (melded) {Dex+4}
   (You found it on level 2 of the Dungeon)

   Dex:       It affects your dexterity (+4).
 y - a +0 helmet (melded)
Jewellery
 s - a ring of protection from cold (left front leg)
 v - a ring of resist corrosion (right front leg)
Scrolls
 d - 2 scrolls of amnesia {unknown}
 e - a scroll of enchant weapon {unknown}
 f - 2 scrolls of summoning {unknown}
 h - 2 scrolls of fear
 i - 6 scrolls of teleportation
 j - 2 scrolls of enchant armour
 m - 4 scrolls of identify
 o - a scroll of vulnerability {unknown}
 t - a scroll of blinking
 u - a scroll of magic mapping {unknown}
 A - a scroll of silence {unknown}
Potions
 a - a potion of attraction {unknown}
 b - a potion of lignification
 c - 2 potions of berserk rage
 k - 2 potions of curing
 l - a potion of heal wounds {unknown}
 n - 2 potions of mutation {unknown}
 p - a potion of flight {unknown}
 x - a potion of brilliance {unknown}
 z - a potion of invisibility {unknown}


   Skills:
 - Level 1.0 Fighting
 - Level 2.1 Dodging
 + Level 4.2 Unarmed Combat
 - Level 6.0 Spellcasting


You had 2 spell levels left.
You knew the following spells:

 Your Spells              Type           Power      Damage    Failure   Level
a - Beastly Appendage     Tmut           48%        N/A       5%          1
b - Wereblood             Tmut           24%        N/A       8%          2
c - Spider Form           Tmut/Pois      24%        N/A       12%         3
d - Ice Form              Ice/Tmut       24%        N/A       28%         4
e - Sandblast             Erth           48%        2d12      5%          1
f - Passwall              Tmut/Erth      20%        N/A       8%          2
g - Inner Flame           Hex/Fire       24%        N/A       12%         3
Your spell library was empty.

Dungeon Overview and Level Annotations

Branches:
Dungeon (6/15)
 Temple: D:4-7

Altars:
Wu Jian

Annotations:
D:6 3 runed translucent doors, Edmund; Pikel; kaladindcss's ghost, novice MiFi


Innate Abilities, Weirdness & Mutations

You are a venomous arachnid creature.
You have poisonous fangs.
You are tiny and dextrous.
You are flying.
Your spellcasting is less reliable in this form.
Your armour is entirely melded.
You are incapable of wielding weapons or throwing items.
You are immune to sickness and miasma.
You are immune to poison.
((Your flesh is very heat resistant. (rF++)))
((You are vulnerable to cold. (rC-)))
You float through the air rather than walking.
You learn spells naturally, not from books.
Your magical power is your life essence.
You have superior vitality. (+4 MHP)


Message History

Training target 6.0 for Spellcasting reached!
Your Unarmed Combat skill increases to level 4!
Your Spellcasting skill increases to level 6!
You start resting.
Your transformation is almost over.
Kaladindcss's ghost whispers, "It is all a dream - a grotesque and foolish dream."
Your transformation has ended.
Your +0 helmet unmelds from your body.
The +2 pair of gloves "Tett" {Dex+4} unmelds from your body.
The +3 leather armour of Imperfection {+Inv rF- Int+7 Dex-2 Stlth+} unmelds from your body.
You start resting.
HP restored.
Casting: Spider Form (dangerous; 3% risk of failure)
Confirm with . or Enter, or press ? or * to list all spells.
You turn into a venomous arachnid creature.
Your +0 helmet melds into your body.
The +2 pair of gloves "Tett" {Dex+4} melds into your body.
The +3 leather armour of Imperfection {+Inv rF- Int+7 Dex-2 Stlth+} melds into your body.
Edmund the Younger comes into view.
He is wielding a +0 vorpal flail.
Edmund shouts!
The wyvern hisses angrily.
You barely miss the wyvern. The wyvern barely misses you.
The wyvern hisses menacingly.
The wyvern barely misses you.
You hit the wyvern but do no damage.
The wyvern is poisoned.
The wyvern closely misses you. The wyvern bites you! The wyvern misses you.
The wyvern hisses menacingly.
The wyvern bites you! The wyvern attacks as you move away!
The wyvern misses you. The wyvern bites you!
* * * LOW HITPOINT WARNING * * *
There is a stone staircase leading up here.
It was a potion of berserk rage.
A red film seems to cover your vision as you go berserk!
You feel yourself moving faster!
You feel mighty! The wyvern bites you.
* * * LOW HITPOINT WARNING * * *
You bite the wyvern!
The wyvern looks as sick as possible!
The wyvern is severely wounded.
The wyvern bites you.
You die...

#.........# #.........#
#....##...#### #. #....#
....... #. #######....#
....... #.. #..........#
....... #.. +........@.#
....... ####..##'####..l.#
.......
P8.##.#....##..s.##>..##..
.KK.#.............+...#
##K+.............#....#
K.KW+......##....##....#
###K+.####'########....#
...K#...........<.#..D.#
P8.##.............+....#
####..##################
##


You could see Edmund and a wyvern (extremely poisoned).

Vanquished Creatures
  An ice beast (D:6)
  An ogre (D:5)
  A phantom (D:5)
  2 scorpions (D:5)
  A jelly (D:6)
  2 orc wizards
  Robin (D:3)
  11 adders
  A white imp (D:5)
  An ufetubus (D:4)
  2 worms (D:2)
  3 dart slugs
  13 orcs
  7 ball pythons
  2 bats
  11 endoplasms
  3 giant cockroaches (D:1)
  14 goblins
  5 hobgoblins
  A jackal (D:2)
  9 kobolds
  5 quokkas
  3 frilled lizards
  3 rats
103 creatures vanquished.

Vanquished Creatures (others)
  A fungus (D:6)
  3 plants (D:6)
4 creatures vanquished.

Grand Total: 107 creatures vanquished

Notes
Turn   | Place    | Note
-------+----------+-------------------------------------------
     0 | D:1      | Aelig the Djinni Transmuter began the quest for the Orb.
     0 | D:1      | Reached XP level 1. HP: 17/17 MP: 0/0
   175 | D:1      | Reached skill level 2 in Spellcasting
   177 | D:1      | Reached XP level 2. HP: 14/22 MP: 0/0
   932 | D:1      | Reached XP level 3. HP: 21/27 MP: 0/0
   932 | D:1      | Learned a level 1 spell: Sandblast
  1610 | D:2      | Reached skill level 3 in Spellcasting
  1920 | D:2      | Reached XP level 4. HP: 31/32 MP: 0/0
  2309 | D:2      | Identified the +3 leather armour of Imperfection {+Inv rF-
                  | Int+7 Dex-2 Stlth+}
  2342 | D:2      | Identified the +2 pair of gloves "Tett" {Dex+4}
  3021 | D:2      | Reached XP level 5. HP: 30/37 MP: 0/0
  3021 | D:2      | Learned a level 2 spell: Passwall
  3506 | D:3      | Reached skill level 4 in Spellcasting
  3873 | D:3      | Noticed Robin
  3895 | D:3      | Killed Robin
  4182 | D:3      | Reached XP level 6. HP: 33/42 MP: 0/0
  5004 | D:4      | Found an ornate altar of the Wu Jian Council.
  5205 | D:5      | Entered Level 5 of the Dungeon
  5317 | D:5      | Noticed an ogre
  5333 | D:5      | Killed an ogre
  5334 | D:5      | Reached skill level 5 in Spellcasting
  5404 | D:5      | Reached XP level 7. HP: 17/47 MP: 0/0
  5404 | D:5      | Learned a level 3 spell: Inner Flame
  6385 | D:6      | Noticed Pikel
  6407 | D:6      | Noticed a steam dragon
  6407 | D:6      | Noticed a wyvern
  6415 | D:6      | Found a runed translucent gate.
  6415 | D:6      | Found a runed translucent gate.
  6415 | D:6      | Found a runed translucent gate.
  6417 | D:6      | Noticed kaladindcss's ghost (novice MiFi)
  6570 | D:6      | Reached skill level 6 in Spellcasting
  6623 | D:6      | Noticed Edmund
  6635 | D:6      | HP: 2/70 [wyvern (4)]
  6636 | D:6      | Slain by a wyvern

Illustrated notes

Levels and vault maps discovered:
D:1:      shiori_arrival_elements, layout_rooms, serial_bayou_pond_a,
          minmay_domino_4
D:2:      minmay_thinvault, layout_basic, chequers_garden
D:3:      layout_loops_corners, skrybe_limestone_x, uniq_robin
D:4:      layout_rooms, mainiacjoe_overflow_surrounded_room,
          minmay_stone_trees_medium
D:5:      layout_cave_pools
D:6:      layout_gridville, minmay_temple_entry_trees,
          gammafunk_ghost_nasty_kobolds, uniq_edmund, uniq_pikel

Skill      XL: |  1  2  3  4  5  6  7 |
---------------+----------------------+-----
Spellcasting   | 2 3 4 5 6 |  6.0
Unarmed Combat | 4 |  4.2
Fighting       | |  1.0
Dodging        | |  2.1

Action                   |  1- 3 |  4- 6 |  7- 9 || total
-------------------------+-------+-------+-------++-------
Melee: Unarmed           |   123 |   202 |    75 ||   400
       Headbutt          |    18 |    26 |    10 ||    54
       Punch             |     2 |     4 |     1 ||     7
Throw: Stone             |       |       |     1 ||     1
 Cast: Beastly Appendage |    13 |    28 |     4 ||    45
       Wereblood         |     1 |     4 |     2 ||     7
       Spider Form       |       |     9 |     5 ||    14
  Use: Potion            |     1 |       |     1 ||     2
       Scroll            |       |     6 |       ||     6
 Stab: Sleeping          |       |     6 |       ||     6
Armor: Skin              |    10 |     5 |     3 ||    18
       Robe              |    14 |     3 |       ||    17
       Leather armour    |       |    27 |    12 ||    39
Dodge: Dodged            |    57 |   122 |    44 ||   223

Table legend: (Time is in decaauts)
 A = Elapsed time spent in this place.
 B = Non-inter-level travel time spent in this place.
 C = Inter-level travel time spent in this place.
 D = Time resting spent in this place.
 E = Time spent auto-exploring this place.
 F = Levels seen in this place.
 G = Mean time per level.
                   A        B        C        D        E       F      G
               +--------+--------+--------+--------+--------+-----+--------+
         Total |   6612 |   6437 |    175 |   2263 |   2772 |   6 | 1102.0 |
       Dungeon |   6612 |   6437 |    175 |   2263 |   2772 |   6 | 1102.0 |
               +--------+--------+--------+--------+--------+-----+--------+

Top non-repeatable levels by time:
     D:2: 1924 daAuts
     D:1: 1502 daAuts
     D:5: 1191 daAuts
     D:3: 1052 daAuts
     D:4: 706 daAuts
     D:6: 235 daAuts
